 Dungeon Sprint DCSS version 0.27.1-1-g398f81649c (webtiles) character file.

Game seed: 18336104674354236187

298 ugugthedestroyer the Carver (level 8, -4/111 HPs)
             Began as a Demigod Fighter on Sept 11, 2021.
             Slain by an anaconda (16 damage)
             ... in the Dungeon (Sprint VI: "Thunderdome").
             The game lasted 00:06:56 (663 turns).

ugugthedestroyer the Carver (Demigod Fighter)        Turns: 663, Time: 00:06:56

Health: -4/111     AC:  7    Str: 33    XL:     8   Next: 7%
Magic:  1/1        EV: 16    Int: 10    God:
Gold:   88         SH:  0    Dex: 13    Spells: 7/7 levels left

rFire    + + +     SeeInvis .   a - +0 long sword
rCold    + + .     Faith    .   (no shield)
rNeg     + + +     Spirit   .   s - +0 leather armour
rPois    .         Reflect  .   (no helmet)
rElec    .         Harm     +   t - +2 cloak "Julomiul" {rC++ MP-9 Str+4}
rCorr    +         Rampage  .   (no gloves)
Will     .....     NoTele   +   (no boots)
Stlth    ..........             o - amulet of the Last Deaths {RegenMP Harm rF+++ Will- rCorr}
HPRegen  0.28/turn              p - ring "Futot" {rN+ Str+4 Slay+5}
MPRegen  0.32/turn              r - ring "Abreog" {rN++ Will+ EV+4}

@: berserking, constricted, very quick
A: high mp 1, forlorn
a: no special abilities


You were in the Dungeon.
You visited 1 branch You collected 600 gold pieces.
You spent 512 gold pieces at shops.

Inventory:

Hand Weapons
 a - a +0 long sword (weapon)
Armour
 b - a +0 scale mail
 c - a +0 kite shield
 s - a +0 leather armour (worn)
 t - the +2 cloak "Julomiul" (worn) {rC++ MP-9 Str+4}
   (You bought it in a shop in the Dungeon)

   Str:       It affects your strength (+4).
   rC:        It greatly protects you from cold.
   MP:        It affects your magic capacity (-9).
Jewellery
 o - the amulet of the Last Deaths (around neck) {RegenMP Harm rF+++ Will- rCorr}
   (You bought it in a shop in the Dungeon)

   [amulet of magic regeneration]

   It increases your rate of magic regeneration.
   rF:        It renders you almost immune to fire.
   rCorr:     It protects you from acid and corrosion.
   Harm:      It increases damage dealt and taken.
   Will:      It decreases your willpower.
 p - the ring "Futot" (left hand) {rN+ Str+4 Slay+5}
   (You bought it in a shop in the Dungeon)

   [ring of positive energy]

   Str:       It affects your strength (+4).
   Slay:      It affects your accuracy & damage with ranged weapons and melee
   (+5).
   rN:        It protects you from negative energy.
 q - the ring of Izuig {rF+ rC+ Str-3 Dex+6}
   (You bought it in a shop in the Dungeon)

   [ring of dexterity]

   Str:       It affects your strength (-3).
   Dex:       It affects your dexterity (+6).
   rF:        It protects you from fire.
   rC:        It protects you from cold.
 r - the ring "Abreog" (right hand) {rN++ Will+ EV+4}
   (You bought it in a shop in the Dungeon)

   [ring of evasion]

   EV:        It affects your evasion (+4).
   rN:        It greatly protects you from negative energy.
   Will:      It increases your willpower.
Wands
 l - a wand of acid (5)
 m - a wand of iceblast (5)
Scrolls
 j - 4 scrolls of blinking
 n - 3 scrolls of fog
Potions
 d - a potion of might
 f - a potion of heal wounds
 g - 4 potions of haste
 h - 2 potions of magic
 k - a potion of resistance


   Skills:
 + Level 8.0 Fighting
 + Level 10.6 Long Blades
 + Level 7.9 Armour
 * Level 7.9 Dodging
 - Level 3.1 Shields


You had 7 spell levels left.
You didn't know any spells.
Your spell library was empty.

Dungeon Overview and Level Annotations

Branches:
Dungeon (1/1)

Shops:
D *[??*?*:[((!!!!


Innate Abilities, Weirdness & Mutations

Your attributes grow dramatically as you level up.
You have an increased reservoir of magic. (+10% MP)
You shall have no god before yourself.


Message History

The anaconda bites you! The naga mage hits you with a +0 flail!
The naga mage constricts you.
You barely miss the naga mage.
The naga mage is heavily wounded.
The anaconda bites you but does no damage.
The naga mage hits you but does no damage.
The naga mage constricts you.
The anaconda bites you but does no damage.
You feel much better.
The anaconda bites you but does no damage.
The naga mage barely misses you. The naga mage constricts you.
The anaconda barely misses you. The naga mage spits poison at you.
The splash of poison misses you. The naga mage constricts you.
A red film seems to cover your vision as you go berserk!
You feel yourself moving faster!
You feel mighty! The anaconda barely misses you.
The naga mage hits you with a +0 flail!!
The naga mage constricts you.
The anaconda bites you but does no damage.
The anaconda closely misses you.
You slash the naga mage!
You kill the naga mage!
The anaconda grabs you. The anaconda bites you.
* * * LOW HITPOINT WARNING * * *
The anaconda constricts you.
* * * LOW HITPOINT WARNING * * *
The anaconda bites you!
* * * LOW HITPOINT WARNING * * *
Your Fighting skill increases to level 8!
Your Long Blades skill increases to level 10!
You have reached level 8!
You hit the anaconda.
The anaconda is lightly wounded.
The anaconda misses you.
You riposte.
You hit the anaconda.
The anaconda is lightly wounded.
The anaconda constricts you.
* * * LOW HITPOINT WARNING * * *
The anaconda bites you!
You die...

#_........#
###.........###
#§...........⌠#
######.8.........8.#
##..__......###......
###∩........8.# #.8....
##.............###......
#⌠....S)S...###...###...
#⌠.....@....# #.<.# #...
#⌠..........###...###...
##.............###......
###∩........8.# #.8....
##∩.__...(..###......
######.8.†..†....8.#
#⌠.....†.....⌠#
###.........###
#_......._#


You could see 2 anacondas.

Vanquished Creatures
  A naga mage (D)
  A cane toad (D)
  Menkaure (D)
  6 bullfrogs (D)
  2 jellies (D)
  5 mummies (D)
  An orc (D)
  4 endoplasms (D)
  A ball python (D)
  A ball python skeleton (D)
  A kobold (D)
  A rat (D)
25 creatures vanquished.

Notes
Turn   | Place    | Note
-------+----------+-------------------------------------------
     0 | D        | ugugthedestroyer the Demigod Fighter began the quest for
                  | the Orb.
     0 | D        | Reached XP level 1. HP: 18/18 MP: 3/3
     5 | D        | Round 1.
     7 | D        | Found Oforuc's Identification Station.
     9 | D        | Found Xeveur's Jewellery.
     9 | D        | Found Wib Baiseja's Advanced Armour.
    24 | D        | Found Vuytu's Premium Goods.
    25 | D        | Found Raakeash's Miscellaneous Merchandise.
    25 | D        | Found Tetasano's Basic Armour.
    26 | D        | Found Hoteir's Weapon Rack.
    48 | D        | Found Imun's Do-It-Yourself Clinic.
    50 | D        | Found Byjonaiw's Bottled Wisdom.
    50 | D        | Found Vyubukac's Distillery.
    52 | D        | Found Otray's Distillery.
    66 | D        | Reached skill level 2 in Long Blades
    75 | D        | Arena points: 12 (+12) [x2]
    92 | D        | Found Vuavvor's Staff Store.
    94 | D        | Found Guthaz's Must-Have Magic.
    94 | D        | Found Hestil's Magic Scroll Shop.
    95 | D        | Found Qafav's Magic Scroll Shop.
   129 | D        | Bought an ancient jade amulet for 45 gold pieces
   129 | D        | Identified the amulet of the Last Deaths {RegenMP Harm
                  | rF+++ Will- rCorr} (You bought it in a shop in the Dungeon)
   129 | D        | Bought an ancient glass ring for 45 gold pieces
   129 | D        | Identified the ring "Futot" {rN+ Str+4 Slay+5} (You bought
                  | it in a shop in the Dungeon)
   129 | D        | Bought an ancient copper ring for 45 gold pieces
   129 | D        | Identified the ring of Izuig {rF+ rC+ Str-3 Dex+6} (You
                  | bought it in a shop in the Dungeon)
   131 | D        | Round 2.
   135 | D        | Bought a brightly glowing pewter ring for 45 gold pieces
   135 | D        | Identified the ring "Abreog" {rN++ Will+ EV+4} (You bought
                  | it in a shop in the Dungeon)
   184 | D        | Noticed a jelly
   193 | D        | Killed a jelly
   194 | D        | Reached skill level 3 in Long Blades
   194 | D        | Reached XP level 2. HP: 25/27 MP: 4/4
   194 | D        | Reached XP level 3. HP: 31/33 MP: 5/5
   254 | D        | Arena points: 54 (+42) [x3]
   312 | D        | Round 3.
   312 | D        | Noticed Menkaure
   322 | D        | Killed Menkaure
   323 | D        | Reached skill level 5 in Fighting
   323 | D        | Reached skill level 5 in Long Blades
   323 | D        | Reached skill level 5 in Armour
   323 | D        | Reached XP level 4. HP: 27/42 MP: 6/6
   323 | D        | Reached XP level 5. HP: 32/49 MP: 7/7
   402 | D        | Reached skill level 5 in Dodging
   410 | D        | Arena points: 138 (+84) [x4]
   411 | D        | Reached skill level 6 in Long Blades
   461 | D        | Round 4.
   470 | D        | Reached XP level 6. HP: 47/57 MP: 8/8
   487 | D        | Reached skill level 7 in Long Blades
   528 | D        | Reached skill level 8 in Long Blades
   553 | D        | Noticed a cane toad
   563 | D        | Reached XP level 7. HP: 31/66 MP: 9/9
   563 | D        | Killed a cane toad
   563 | D        | Arena points: 298 (+160) [x5]
   564 | D        | Reached skill level 9 in Long Blades
   582 | D        | Bought a polished cloak for 332 gold pieces
   582 | D        | Identified the +2 cloak "Julomiul" {rC++ MP-9 Str+4} (You
                  | bought it in a shop in the Dungeon)
   638 | D        | Round 5.
   638 | D        | Noticed a naga mage
   647 | D        | Noticed an anaconda
   657 | D        | Noticed an anaconda
   662 | D        | Killed a naga mage
   663 | D        | Reached skill level 10 in Long Blades
   663 | D        | Reached XP level 8. HP: 14/74 MP: 1/10
   663 | D        | Slain by an anaconda

Illustrated notes

Levels and vault maps discovered:
D:        arena_sprint

Skill      XL: |  1  2  3  4  5  6  7 |
---------------+----------------------+-----
Fighting       | 3 5 6 7 8 |  8.0
Armour         | 4 5 6 7 |  7.9
Shields        | 3 |  3.1
Long Blades    | 3 5 6 8 10 | 10.6
Dodging        | 2 4 5 6 7 |  7.9

Action                   |  1- 3 |  4- 6 |  7- 9 || total
-------------------------+-------+-------+-------++-------
Melee: Long sword        |    23 |    29 |    11 ||    63
  Use: Potion            |       |       |     5 ||     5
Armor: Scale mail        |     5 |       |       ||     5
       Leather armour    |     1 |     1 |     8 ||    10
Dodge: Dodged            |    11 |    26 |    21 ||    58
Block: Kite shield       |    10 |       |       ||    10
       Rpst.: Long sword |     4 |    13 |     5 ||    22
